 Dungeon Crawl Stone Soup version 0.31.0-32-g396128a36d (webtiles) character file.

Game seed: 15844451592157335915

10914 Pereza0 the Summoner (level 11, -8/72 HPs)
             Began as an Octopode Summoner on Mar 15, 2024.
             Was an Initiate of Gozag.
             Killed from afar by Lodul (16 damage)
             ... with a bolt of lightning
             ... on level 10 of the Dungeon.
             The game lasted 00:55:35 (14342 turns).

Pereza0 the Summoner (Octopode Summoner)           Turns: 14342, Time: 00:55:36

Health: -8/72      AC:  1    Str:  7    XL:     11   Next: 69%
Magic:  11/20      EV: 15    Int: 22    God:    Gozag
Gold:   1482       SH:  0    Dex: 13    Spells: 2/22 levels left

rFire   . . .        j - staff of alchemy
rCold   . . .        (no shield)
rNeg    . . .        (helmet restricted)
rPois   +            t - amulet of the acrobat
rElec   .            (no ring)
rCorr   .            (no ring)
SInv    .            (no ring)
Will    .....        (no ring)
Stlth   +++++        (no ring)
HPRegen 0.32/turn    (no ring)
MPRegen 0.17/turn    (no ring)
                     (no ring)

%: acrobat
@: inugami summoned
A: almost no armour, amphibious, 8 rings, camouflage 1, gelatinous body 1,
(nimble swimmer 1), tentacles
a: Renounce Religion, Potion Petition, Call Merchant, Bribe Branch


You were on level 10 of the Dungeon.
You worshipped Gozag.
Gozag was most pleased with you.
You visited 2 branches of the dungeon, and saw 11 of its levels.

You collected 1671 gold pieces.
You spent 85 gold pieces at shops.
You paid 104 gold pieces to Gozag.

Inventory:

Hand Weapons
 w - a +2 whip of electrocution
 y - a +4 quarterstaff of chaos
 C - a -2 demon whip of venom
Missiles
 m - 6 curare-tipped darts
Armour
 u - a +1 kite shield
 G - an orb of guile
 J - the sphere of Battle
   (You found it on level 10 of the Dungeon)

   Battle:    It summons a battlesphere in combat, with strength depending on
   Conjurations skill.
   Destructive: It enhances your destructive magic, and weakens non-destructive
   magic.
Magical Staves
 j - a staff of alchemy (weapon)
Jewellery
 l - an amulet of regeneration
 t - an amulet of the acrobat (around mantle)
Talismans
 D - a talisman of death
 F - a storm talisman
 H - a flux talisman
Wands
 r - a wand of acid (13)
 v - a wand of flame (27)
 E - a wand of roots (8)
Scrolls
 e - a scroll of enchant weapon
 f - 2 scrolls of vulnerability
 g - 2 scrolls of teleportation
 k - 2 scrolls of poison
 o - 6 scrolls of identify
 x - 2 scrolls of blinking {unknown}
 B - 2 scrolls of enchant armour
Potions
 a - a potion of magic
 b - a potion of invisibility {unknown}
 c - 7 potions of attraction
 d - 7 potions of curing
 h - 4 potions of lignification {unknown}
 i - a potion of mutation {unknown}
 p - 2 potions of berserk rage {unknown}
 q - a potion of heal wounds {unknown}
 s - 3 potions of haste {unknown}
 z - a potion of degeneration {unknown}
 A - a potion of might {unknown}
 I - 2 potions of ambrosia {unknown}


   Skills:
 + Level 5.4 Fighting
 + Level 6.8 Dodging
 + Level 8.3 Stealth
 + Level 4.0 Shields
 - Level 6.4 Spellcasting
 * Level 11.6 Summonings
 - Level 3.3 Ice Magic
 - Level 5.2 Air Magic
 - Level 2.0 Evocations


You had 2 spell levels left.
You knew the following spells:

 Your Spells              Type           Power      Damage    Failure   Level
a - Summon Small Mammal   Summ           100%       N/A       1%          1
b - Call Imp              Summ           100%       N/A       1%          2
c - Call Canine Familiar  Summ           55%        N/A       1%          3
d - Summon Lightning Spi  Summ/Air       44%        N/A       2%          4
e - Summon Ice Beast      Ice/Summ       40%        N/A       1%          3
f - Swiftness             Air            30%        N/A       3%          3
g - Summon Blazeheart Go  Fire/Summ      32%        N/A       8%          4

Your spell library contained the following spells:

 Spells                   Type           Power      Damage    Failure   Level
 Shock                    Conj/Air       72%        1d7       3%          1
 Apportation              Tloc           14%        N/A       9%          1
 Necrotise                Necr           28%        1d5       9%          1
 Sting                    Conj/Alch      40%        1d5       9%          1
 Airstrike                Air            15%        2d(3-19)  10%         4
 Volatile Blastmotes      Fire/Tloc      14%        2d11      26%         3
 Fulminant Prism          Conj/Alch      5%         3d7       65%         4
 Ignite Poison            Fire/Alch      10%        N/A       65%         4
 Iskenderun's Mystic Bla  Conj/Tloc      7%         2d4       65%         4
 Sticky Flame             Fire/Alch      10%        2d5       65%         4
 Ignition                 Fire           3%         3d4       100%        8
 Fire Storm               Conj/Fire      3%         8d1       100%        9


Dungeon Overview and Level Annotations

Branches:
Dungeon (10/15)            Temple (1/1) D:6             Orc (0/2) D:10
   Lair: D:8-11

Altars:
Ashenzari
Cheibriados
Dithmenos
Elyvilon
Fedhas
Gozag
Hepliaklqana
Kikubaaqudgha
Makhleb
Nemelex Xobeh
Okawaru
Qazlal
Ru
Sif Muna
Trog
Uskayaw
Vehumet
Wu Jian
Xom
Yredelemnul
Zin
The Shining One

Shops:
D:2 [   D:8 :   D:10 *[

Annotations:
D:10 Lodul


Innate Abilities, Weirdness & Mutations

You cannot wear most types of armour.
You are amphibious.
You can wear up to eight rings at the same time.
Your skin changes colour to match your surroundings (Stealth+).
Your rubbery body absorbs attacks. (AC +1, EV +1)
((You are camouflaged when in or above water. (Stealth+)))
You have tentacles for arms and can constrict up to eight enemies at once.


Message History

The ogre shouts!
You hear a shout!
Your lightning spire shoots out a bolt of lightning at Lodul!
The bolt of electricity hits Lodul!
Your lightning spire shoots out a bolt of lightning at Lodul!
The bolt of electricity misses Lodul.
You hear a shout!
Unknown command.
Unknown command.
Electricity crackles from Lodul's apparatus.
The bolt of lightning misses you.
Unknown command.
Lodul says, "I guard Vaults good!
You no get in!"
Unknown command.
Casting: Summon Lightning Spire (dangerous; 2% risk of failure)
Confirm with . or Enter, or press ? or * to list all spells.
An electric hum fills the air.
Electricity crackles from Lodul's apparatus.
The bolt of lightning hits you!!
Casting: Summon Lightning Spire (dangerous; 2% risk of failure)
Confirm with . or Enter, or press ? or * to list all spells.
You call for your canine familiar and it appears with a howl!
Your lightning spire shoots out a bolt of lightning at Lodul!
The bolt of electricity hits Lodul! x2
Unknown command.
You swap places.
Your inugami hits Lodul.
Unknown command.
Electricity crackles from Lodul's apparatus.
The bolt of lightning hits you!!
Your inugami hits Lodul.
Unknown command.
Electricity crackles from Lodul's apparatus.
The bolt of lightning hits you!!
* * * LOW HITPOINT WARNING * * *
Your inugami hits Lodul!
Unknown command.
As you read the scroll of fog, it dissolves into smoke.
Something hits your lightning spire!
Electricity crackles from Lodul's apparatus.
The bolt of lightning hits you!
You die...
Your body crumbles into a pile of gold.

# # ######## ##############
#......# #............. #.####.#
#.############
#####.####.#########.###.........
........(.>.....................#
#####.####.8Oh.§§§.........#.#...
...##.###...#'#§@§.######.##.##.#
##.##.##...##'##§§.# #.#...#..
##.##.#...###'###..# #.##.##.#
..#...#.#.+''∩'++..# ##..###..#
.###O.....###'###..# #........#
#.#.#####..##+##...## #.#######.
##.## #..8#+#.....# ##.## #.
##########.........####.#.## #.
####O[.O......###.## #.###.# #.


You could see Lodul (ally target), a friendly lightning spire (summoned) and a
friendly inugami (summoned).

Vanquished Creatures
  A two-headed ogre (D:10)
  Pikel (D:5)
  A troll (D:10)
  A polar bear (D:10)
  A centaur simulacrum (D:10)
  6 yaks
  An orc warrior (D:8)
  A lemure (D:5)
  A kobold brigand (D:10)
  A bullfrog (D:8)
  2 white imps (D:10)
  A dart slug (D:5)
  2 ribbon worms
  3 endoplasms
  A giant cockroach (D:2)
  4 hobgoblins
  3 jackals
  3 quokkas
  2 ball pythons
  3 bats
  3 frilled lizards (D:1)
  3 goblins
  2 kobolds
  2 rats
49 creatures vanquished.

Vanquished Creatures (collateral kills)
  Amaemon (D:8)
  A manticore (D:9)
  A komodo dragon (D:6)
  An orange demon (D:8)
  Jeremiah (D:9)
  Psyche (D:8)
  A tengu conjurer (D:10)
  A troll (D:10)
  A hornet (D:9)
  Grinder (D:5)
  Prince Ribbit (D:8)
  2 centaur simulacra (D:10)
  A wraith (D:10)
  6 yaks
  An unseen horror simulacrum (D:10)
  Eustachio (D:5)
  2 steam dragons
  A water moccasin (D:7)
  3 sky beasts
  2 ice beasts (D:10)
  3 orc warriors
  A wolf (D:10)
  2 centaurs
  2 phantoms
  A lemure (D:5)
  2 kobold brigands
  3 bullfrogs (D:8)
  5 scorpions
  5 wights (D:6)
  11 killer bees
  A howler monkey (D:4)
  2 hounds
  A jelly (D:7)
  Crazy Yiuf (D:6)
  2 orc priests
  A gnoll bouda (D:8)
  5 iguanas
  5 orc wizards
  7 adders
  8 gnolls (D:8)
  A shadow imp (D:6)
  3 white imps
  3 ufetubi
  A dart slug (D:4)
  14 orcs
  5 ball pythons
  4 bats
  4 endoplasms
  A giant cockroach (D:4)
  7 goblins
  2 hobgoblins
  6 jackals (D:1)
  A quokka (D:2)
  4 frilled lizards (D:7)
  13 kobolds
  2 rats (D:1)
169 creatures vanquished.

Vanquished Creatures (others)
  An orc (D:6)
  12 blazeheart cores
13 creatures vanquished.

Grand Total: 231 creatures vanquished

Notes
Turn   | Place    | Note
-------+----------+-------------------------------------------
     0 | D:1      | Pereza0 the Octopode Summoner began the quest for the Orb.
     0 | D:1      | Reached XP level 1. HP: 11/11 MP: 3/3
    64 | D:1      | Found a faded altar of an unknown god.
   240 | D:1      | Reached XP level 2. HP: 16/17 MP: 1/5
   243 | D:1      | Learned a level 2 spell: Call Imp
   817 | D:1      | Reached XP level 3. HP: 21/21 MP: 3/6
   821 | D:1      | Learned a level 3 spell: Call Canine Familiar
   992 | D:1      | Reached skill level 5 in Summonings
  1155 | D:2      | Found Nulemimec's Antique Armour Emporium.
  1301 | D:2      | Found an ancient bone altar of Kikubaaqudgha.
  1478 | D:2      | Reached XP level 4. HP: 27/27 MP: 4/7
  1665 | D:2      | Noticed a phantom
  1791 | D:2      | Killed a phantom
  1792 | D:2      | Reached skill level 6 in Summonings
  1792 | D:2      | Reached XP level 5. HP: 16/31 MP: 1/8
  3085 | D:4      | Reached XP level 6. HP: 37/37 MP: 2/9
  3090 | D:4      | Learned a level 4 spell: Summon Lightning Spire
  3549 | D:4      | Reached skill level 1 in Air Magic
  4095 | D:5      | Entered Level 5 of the Dungeon
  4279 | D:2      | Bought a kite shield for 85 gold pieces
  4398 | D:5      | Noticed Grinder
  4441 | D:5      | Killed Grinder
  4442 | D:5      | Reached XP level 7. HP: 42/42 MP: 1/10
  4614 | D:5      | Noticed Pikel
  4628 | D:5      | Killed Pikel
  4629 | D:5      | Reached skill level 8 in Summonings
  4629 | D:5      | Reached skill level 5 in Air Magic
  4629 | D:5      | Reached XP level 8. HP: 23/47 MP: 4/11
  4722 | D:5      | Got Asmodeus's Collected Works on the Productive Inferno
  4889 | D:5      | Found a hazy altar of Hepliaklqana.
  4983 | D:5      | Learned a level 3 spell: Summon Ice Beast
  5150 | D:5      | Noticed Eustachio
  5204 | D:5      | Noticed a yak
  5204 | D:5      | Noticed a yak
  5217 | D:5      | Noticed a yak
  5221 | D:5      | Noticed a yak
  5228 | D:5      | Killed a yak
  5229 | D:5      | Reached skill level 1 in Ice Magic
  5238 | D:5      | Killed a yak
  5240 | D:5      | Killed a yak
  5240 | D:5      | Killed a yak
  5241 | D:5      | Reached skill level 9 in Summonings
  5241 | D:5      | Reached XP level 9. HP: 23/52 MP: 3/14
  5617 | D:5      | Killed Eustachio
  5660 | D:6      | Found a staircase to the Ecumenical Temple.
  5669 | D:6      | Reached skill level 1 in Fighting
  5673 | Temple   | Entered the Ecumenical Temple
  5702 | Temple   | Became a worshipper of Gozag Ym Sagoz the Greedy
  7151 | D:6      | Found a sacrificial altar of Ru.
  7151 | D:6      | Found a broken altar of Ashenzari.
  7159 | D:6      | Found a faded altar of an unknown god.
  7161 | D:6      | Found a bloodstained altar of Trog.
  7163 | D:6      | Found a faded altar of an unknown god.
  7208 | D:6      | Found a runed translucent door.
  7209 | D:6      | Noticed Crazy Yiuf
  7521 | D:6      | Killed Crazy Yiuf
  7741 | D:7      | Noticed a komodo dragon
  8019 | D:6      | Killed a komodo dragon
  8020 | D:6      | Reached skill level 5 in Stealth
  8168 | D:7      | Reached skill level 5 in Dodging
  8762 | D:7      | Learned a level 3 spell: Swiftness
  8855 | D:7      | Reached XP level 10. HP: 63/63 MP: 10/16
  8981 | D:8      | Found a blossoming altar of Fedhas.
  8991 | D:8      | Noticed Psyche
  8999 | D:8      | Killed Psyche
  9000 | D:8      | Reached skill level 5 in Spellcasting
  9293 | D:8      | Learned a level 4 spell: Summon Blazeheart Golem
  9297 | D:8      | Noticed an orange demon
  9321 | D:8      | Killed an orange demon
  9380 | D:8      | Noticed Amaemon
  9392 | D:8      | Killed Amaemon
  9393 | D:8      | Reached skill level 1 in Shields
  9393 | D:8      | Reached skill level 10 in Summonings
  9715 | D:8      | Found Neyzxevui's Tremendous Tomes.
  9893 | D:8      | Identified the +1 robe of Egalitarianism {^Contam rElec
                  | Str-2 Int+7}
 10202 | D:8      | Noticed Prince Ribbit
 10223 | D:8      | Killed Prince Ribbit
 10344 | D:8      | Found an ornate altar of the Wu Jian Council.
 11215 | D:9      | Reached XP level 11. HP: 69/69 MP: 7/20
 11596 | D:9      | Noticed a manticore
 11615 | D:9      | Killed a manticore
 11739 | D:9      | Noticed Jeremiah
 11760 | D:9      | Killed Jeremiah
 11989 | D:9      | Reached skill level 11 in Summonings
 12190 | D:10     | Entered Level 10 of the Dungeon
 12339 | D:10     | Noticed Lodul
 12788 | D:10     | Found a staircase to the Orcish Mines.
 12790 | D:10     | Found Adeth's Armour Shop.
 13157 | D:10     | Reached skill level 5 in Fighting
 13188 | D:10     | Noticed a two-headed ogre
 13205 | D:10     | Killed a two-headed ogre
 13565 | D:10     | Found a hide-covered altar of Uskayaw.
 13694 | D:10     | Found the sphere of Battle
 14298 | D:10     | Found Guge's General Store.
 14342 | D:10     | Killed from afar by Lodul

Illustrated notes

Levels and vault maps discovered:
D:1:      dpeg_arrival_three_smaller_balls, layout_loops_ring,
          hellmonk_ecumenical_altar_dog_temple
D:2:      layout_basic, serial_shops, nicolae_shop_stone, basic_altar,
          eino_tiny_chamber
D:3:      layout_loops_ring
D:4:      layout_basic, nicolae_twisty_statue_hallways
D:5:      layout_loops_ring, lemuel_tele_altar, amethyst_killhole, uniq_grinder,
          uniq_eustachio, uniq_pikel
D:6:      layout_rooms, chequers_temple_overflow_minitemple,
          minmay_temple_entry_sparse_star, nicolae_ossuary_entry_plus,
          corexii_item_surrounded_by_moat, minmay_misc_feat_iff,
          uniq_crazy_yiuf_cottage
D:7:      layout_loops_ring, minmay_lizard_king
D:8:      nicolae_cairo_tiling, layout_loops_ring,
          nicolae_overflow_crystal_walls, mainiacjoe_overflow_six_doors_small,
          nicolae_shop_i_like_big_books, minmay_increasing_density,
          uniq_prince_ribbit1, uniq_amaemon, uniq_psyche
D:9:      layout_small_grid, st_stairs_3, minivault_19, uniq_jeremiah
D:10:     layout_loops_ring, nicolae_uskayaw_murder_on_the_dancefloor,
          orc_david_3, serial_shops, nicolae_shop_real_fake_doors, serial_ice,
          serial_ice_i, serial_ice_g, serial_ice_e, serial_ice_c, serial_ice_d,
          serial_ice_o, serial_ice_f, hellmonk_guarded_unrand_sphere_of_battle,
          uniq_lodul
Temple:   nicolae_temple_superstar

Skill      XL: |  1  2  3  4  5  6  7  8  9 10 11 |
---------------+----------------------------------+-----
Summonings     | 5 6 8 9 10 11 | 11.6
Stealth        | 3 5 6 8 |  8.3
Air Magic      | 4 5 |  5.2
Spellcasting   | 3 4 6 |  6.4
Ice Magic      | 3 |  3.3
Evocations     | 2 |  2.0
Fighting       | 3 4 5 |  5.4
Dodging        | 5 6 |  6.8
Shields        | 2 4 |  4.0

Action                     |  1- 3 |  4- 6 |  7- 9 | 10-12 || total
---------------------------+-------+-------+-------+-------++-------
  Melee: Unarmed           |    40 |       |       |       ||    40
         Constrict         |    20 |    11 |     4 |     3 ||    38
         Tentacles         |    12 |    12 |     4 |     6 ||    34
         Staff             |    24 |    48 |    13 |    14 ||    99
         Punch             |       |     2 |     1 |       ||     3
   Cast: Summon Small Mamm |    28 |    29 |    17 |    20 ||    94
         Call Imp          |    15 |    16 |    13 |    12 ||    56
         Call Canine Famil |     2 |    18 |    20 |    19 ||    59
         Summon Ice Beast  |       |       |    14 |    13 ||    27
         Summon Lightning  |       |       |    23 |    37 ||    60
         Summon Blazeheart |       |       |       |    25 ||    25
  Evoke: Wand              |       |       |     7 |     2 ||     9
    Use: Scroll            |       |     4 |     6 |     1 ||    11
         Potion            |       |       |     1 |       ||     1
   Stab: Sleeping          |     3 |     4 |     1 |     1 ||     9
         Distracted        |       |       |     1 |       ||     1
 Armour: Skin              |    32 |    23 |    52 |    38 ||   145
  Dodge: Dodged            |    60 |    40 |    56 |   104 ||   260
